 Dungeon Crawl Stone Soup version 0.18.1-8-gdd0e5ea (webtiles) character file.

558 Denchik the Chopper (level 7, 0/61 HPs)
             Began as a Minotaur Berserker on May 28, 2016.
             Was an Elder of Trog.
             Slain by an orc wizard
             ... wielding a +0 dagger
              (7 damage)
             ... on level 5 of the Dungeon.
             The game lasted 00:10:57 (2922 turns).

Denchik the Chopper (Minotaur Berserker)            Turns: 2922, Time: 00:10:58

Health: 0/61       AC:  2    Str: 22    XL:     7   Next: 9%
Magic:  6/6        EV: 13    Int:  5    God:    Trog [****..]
Gold:   220        SH:  0    Dex: 10    Spells: 0 memorised, 6 levels left

rFire  . . .     SeeInvis .     a - +1 hand axe
rCold  . . .     Gourm    .     b - +0 animal skin
rNeg   . . .     Faith    .     (no shield)
rPois  .         Spirit   .     (helmet restricted)
rElec  .         Dismiss  .     (no cloak)
rCorr  .         Reflect  .     (no gloves)
SustAt .         Harm     .     (no boots)
MR     .....                    (no amulet)
Stlth  +.........               (no ring)
                                (no ring)

@: drained, not resistant to hostile enchantments, very unstealthy
A: retaliatory headbutt, horns 2
a: Berserk, Trog's Hand, Brothers in Arms, Burn Spellbooks, Renounce Religion


You were on level 5 of the Dungeon.
You worshipped Trog.
Trog was greatly pleased with you.
You were not hungry.

You visited 1 branch of the dungeon, and saw 5 of its levels.
You also visited: Sewer.

You collected 220 gold pieces.

Inventory:

Hand Weapons
 a - a +1 hand axe (weapon)
Armour
 b - a +0 animal skin (worn)
 j - a +0 plate armour
 u - a +0 plate armour
 y - a +0 cloak
Jewellery
 r - an uncursed ring of see invisible {unknown}
Scrolls
 d - a scroll of magic mapping {unknown}
 e - a scroll of fog
 i - a scroll of enchant weapon
 o - a scroll of noise
 s - a scroll of enchant armour {unknown}
 t - a scroll of immolation {unknown}
Potions
 f - 6 potions of curing {unknown}
 k - a potion of agility {unknown}
 m - 2 potions of mutation {unknown}
 p - 2 potions of magic {unknown}
 q - a potion of berserk rage {unknown}
 v - a potion of degeneration {unknown}
 w - 3 potions of heal wounds {unknown}
Comestibles
 c - 4 bread rations
 g - 3 meat rations
 h - a slice of pizza
 l - 2 fruits
 n - a royal jelly


   Skills:
 + Level 5.3(5.1) Fighting
 * Level 6.8(6.5) Axes
 * Level 3.9(3.7) Armour
 + Level 4.9(4.6) Dodging


You had 6 spell levels left.
You didn't know any spells.

Dungeon Overview and Level Annotations

Branches:
Dungeon (5/15)             Temple (0/1) D:5

Altars:
Makhleb
Ru
Xom
Yredelemnul

Annotations:
D:4 Eustachio


Innate Abilities, Weirdness & Mutations

You reflexively headbutt those who attack you in melee.
You have a pair of horns on your head.


Message History

You kill the orc!
Trog accepts your kill. Something hits you.
* * * LOW HITPOINT WARNING * * *
You hit something. Something hits you but does no damage.
You hit something but do no damage. Something hits you.
* * * LOW HITPOINT WARNING * * *
You miss something. Something hits you.
* * * LOW HITPOINT WARNING * * *
You closely miss something. You headbutt something.
You hear some strange, mumbled words.
A magic dart appears from out of thin air!
The magic dart hits you!
* * * LOW HITPOINT WARNING * * *
You barely miss something. Something barely misses you.
Unknown command.
You hit something. Something hits you but does no damage.
You miss something. Something barely misses you.
You barely miss something. You headbutt something. Something hits you!
You die...

#..........+.........
###......###.........
###..#.#.# ##........
#.....##.# ##.....#.
#.....# # ##...###
#.....# ##+##..
#.....# #.⌠
#....)##.### #. +..
####@)...... ##.##.⌠
##{....## ##...#..
#.##.# ....### .# #
...#.# .. .. #.##..
.......###.##.#
.............#
[...####.#### #.#


There were no monsters in sight!

Vanquished Creatures
  Menkaure (D:4)
  An orc warrior (D:5)
  A crocodile (Sewer)
  A crimson imp (D:3)
  An iguana (D:3)
  An orc wizard (D:3)
  Ijyb (D:3)
  A worker ant (D:4)
  An adder skeleton (D:4)
  2 worms
  A dart slug (D:3)
  5 giant geckos
  14 orcs
  5 bats
  11 giant cockroaches
  14 goblins
  5 hobgoblins
  10 jackals
  11 kobolds
  2 quokkas (D:3)
  6 giant newts
  8 rats
  A spectral orc (D:3)
104 creatures vanquished.

Notes
Turn   | Place    | Note
--------------------------------------------------------------
     0 | D:1      | Denchik the Minotaur Berserker began the quest for the Orb.
     0 | D:1      | Reached XP level 1. HP: 19/19 MP: 0/0
    89 | D:1      | Reached skill level 4 in Axes
    89 | D:1      | Reached XP level 2. HP: 23/27 MP: 1/1
   267 | D:1      | Reached ** piety under Trog
   471 | D:1      | Reached XP level 3. HP: 28/33 MP: 2/2
  1394 | D:3      | Reached *** piety under Trog
  1394 | D:3      | Reached XP level 4. HP: 32/40 MP: 3/3
  1398 | D:3      | Reached skill level 5 in Axes
  1514 | D:3      | Found a sacrificial altar of Ru.
  1563 | D:3      | Noticed Ijyb
  1567 | D:3      | Killed Ijyb
  1568 | D:3      | Reached XP level 5. HP: 37/47 MP: 4/4
  1643 | D:3      | Found a basalt altar of Yredelemnul.
  1777 | D:3      | Found a shimmering altar of Xom.
  1778 | D:3      | Found a burning altar of Makhleb.
  1852 | D:3      | Found a glowing drain.
  1863 | Sewer    | Entered a sewer
  1928 | Sewer    | Noticed a crocodile
  1935 | Sewer    | Killed a crocodile
  1935 | Sewer    | Reached XP level 6. HP: 55/55 MP: 5/5
  2256 | D:4      | Reached **** piety under Trog
  2256 | D:4      | Reached skill level 5 in Fighting
  2524 | D:4      | Reached skill level 6 in Axes
  2658 | D:4      | Noticed Menkaure
  2670 | D:4      | Killed Menkaure
  2733 | D:4      | Noticed Eustachio
  2782 | D:5      | Entered Level 5 of the Dungeon
  2852 | D:5      | Found a staircase to the Ecumenical Temple.
  2900 | D:5      | Noticed an orc warrior
  2911 | D:5      | Killed an orc warrior
  2911 | D:5      | Reached XP level 7. HP: 21/61 MP: 6/6
  2922 | D:5      | Slain by an orc wizard

Skill      XL: |  1  2  3  4  5  6 |
---------------+-------------------+-----
Axes           | 4 5 6 |  6.8
Fighting       | 4 5 |  5.3
Dodging        | 3 4 |  4.9
Armour         | 3 |  3.9

Action                   |  1- 3 |  4- 6 |  7- 9 || total
-------------------------+-------+-------+-------++-------
Melee: Hand axe          |    92 |    94 |    11 ||   197
       Headbutt          |    16 |    24 |     2 ||    42
Invok: Berserk           |       |     3 |       ||     3
  Use: Scroll            |     3 |     4 |       ||     7
  Eat: Chunk             |     2 |     4 |       ||     6
       Meat ration       |       |     1 |       ||     1
       Fruit             |       |     1 |       ||     1
Armor: Animal skin       |    24 |    17 |     1 ||    42
Dodge: Dodged            |    87 |    60 |     4 ||   151
